AoeStats
← 8

Arena

509428844Analyzed
4v4 RM · 7d ago on Sep 26, 2026· 44m 32s· 8 players
Game mode
Random Map
Map size
Large (8 player)
Population
200
Speed
Normal
Resources
Standard
Victory
Conquest
Starting age
Dark Age
Ending age
Imperial Age
RankedLock teamsTeams togetherTeam positionsShared explorationLock speedFull tech treeHidden civsTurbo modeCheats
Victory
Defeat
🇺🇸 Khmer · United States
1191
+12
🇺🇸 Dravidians · United States
1125
+15
🇲🇽 Danes · Mexico
1097
+16
🇺🇸 Sicilians · United States
1075
+17
🇧🇷 Persians · Brazil
1181
-19
🇹🇷 Britons · Türkiye
1147
-17
🇨🇿 Goths · Czechia
1028
-31
🇷🇴 Poles · Romania
1027
-12
MonsterSmeat
11:10 Feudal Age
12:02 Loom
14:02 Double-Bit Axe
14:11 Gold Mining
15:34 Arson
22:27 Castle Age
20:37 Stone Mining
22:26 Bloodlines
22:24 Scale Barding Armor
24:49 Husbandry
27:39 Horse Collar
29:38 Crossbowman
31:32 Wheelbarrow
32:25 Fletching
32:35 Padded Archer Armor
36:18 Imperial Age
35:25 Gold Shaft Mining
35:29 Stone Shaft Mining
35:13 Bow Saw
35:54 Hand Cart
37:28 Bodkin Arrow
38:14 Arbalester
39:49 Heavy Plow
40:22 Cavalier
40:33 Pikeman
41:14 Squires
41:33 Forging
41:23 Scale Mail Armor
42:44 Gambesons
44:13 Halberdier
Ra
10:06 Feudal Age
10:35 Loom
13:07 Castle Age
11:29 Double-Bit Axe
12:22 Horse Collar
19:02 Bloodlines
19:36 Scale Barding Armor
26:20 Wheelbarrow
25:30 Town Watch
26:36 Wheelbarrow
26:59 Town Watch
29:38 Husbandry
31:52 Forging
32:05 Chain Barding Armor
33:57 Gold Mining
34:24 Bow Saw
40:53 Forging
41:53 Tusk Swords
45:53 Imperial Age
dantealhz
0:45 Loom
11:23 Feudal Age
15:43 Castle Age
13:34 Double-Bit Axe
13:47 Horse Collar
14:43 Gold Mining
17:34 Fervor
21:59 Wheelbarrow
26:06 Stone Mining
26:50 Town Watch
27:25 Hand Cart
27:44 Heavy Plow
30:04 Bow Saw
30:46 Gold Shaft Mining
30:46 Stone Shaft Mining
34:16 Imperial Age
32:36 Ballistics
32:12 Murder Holes
32:28 Masonry
33:01 Fletching
33:12 Padded Archer Armor
33:52 Forging
33:43 Scale Mail Armor
33:39 Bodkin Arrow
33:51 Hamask
34:21 Onager
36:08 Chemistry
35:35 Conscription
35:34 Squires
35:20 Arson
37:50 Northmen's Fury
38:06 Siege Onager
38:09 Heavy Scorpion
39:28 Hoardings
39:24 Town Patrol
39:15 Pikeman
41:25 Iron Casting
41:06 Chain Mail Armor
40:15 Halberdier
42:27 Elite Jomsviking
44:53 Blast Furnace
44:24 Plate Mail Armor
45:08 Bloodlines
44:58 Husbandry
44:19 Light Cavalry
8
10:15 Feudal Age
14:33 Castle Age
12:48 Double-Bit Axe
14:31 Fletching
17:00 Gold Mining
18:20 Crossbowman
23:06 Bodkin Arrow
29:41 Wheelbarrow
32:39 Bow Saw
33:29 Ballistics
34:07 Padded Archer Armor
39:41 Imperial Age
39:24 Thumb Ring
41:42 Chemistry
41:38 Leather Archer Armor
41:54 Arbalester
42:50 Loom
43:34 Hand Cart
44:04 Bracer
spajkymc
11:52 Feudal Age
12:57 Gold Mining
12:49 Horse Collar
17:40 Wheelbarrow
17:21 Double-Bit Axe
18:29 Loom
21:14 Castle Age
19:48 Man-at-Arms
21:29 Long Swordsman
21:32 Pikeman
22:29 Forging
22:19 Scale Mail Armor
27:48 Hand Cart
27:47 Bow Saw
30:04 Stone Mining
30:22 Squires
32:19 Iron Casting
32:00 Chain Mail Armor
36:54 Imperial Age
36:58 Chain Mail Armor
37:06 Halberdier
41:36 Blast Furnace
43:15 Elite Huskarl
luizcspinha
10:53 Feudal Age
14:49 Castle Age
12:46 Double-Bit Axe
13:07 Horse Collar
15:36 Bow Saw
19:11 Loom
20:10 Scale Barding Armor
21:10 Bloodlines
21:01 Husbandry
21:17 Gold Mining
28:45 Chain Barding Armor
28:36 Forging
30:30 Wheelbarrow
35:20 Imperial Age
32:56 Stone Mining
34:40 Iron Casting
35:17 Cavalier
37:15 Cavalier
40:26 Padded Archer Armor
41:04 Plate Barding Armor
Nielu256
11:40 Feudal Age
15:44 Castle Age
14:33 Forging
14:23 Fletching
14:26 Double-Bit Axe
15:13 Horse Collar
17:53 Bow Saw
23:00 Loom
23:50 Wheelbarrow
23:00 Town Watch
29:23 Imperial Age
26:50 Gold Mining
27:21 Heavy Plow
27:46 Scale Mail Armor
27:56 Forging
29:05 Chain Mail Armor
30:58 Iron Casting
30:19 Bodkin Arrow
30:09 Capped Ram
31:45 Plate Mail Armor
31:36 Elite Obuch
32:40 Conscription
33:00 Siege Ram
36:36 Blast Furnace
35:37 Bracer
35:38 Padded Archer Armor
35:43 Scale Barding Armor
36:46 Chemistry
35:58 Fortified Wall
37:31 Crop Rotation
37:37 Szlachta Privileges
37:52 Lechitic Legacy
37:11 Light Cavalry
38:01 Bloodlines
37:51 Husbandry
38:00 Winged Hussar
38:42 Husbandry
39:06 Masonry
39:17 Ballistics
41:58 Chain Barding Armor
43:27 Hoardings
43:18 Caravan
Jewish MasterMind
10:09 Feudal Age
16:10 Castle Age
14:32 Double-Bit Axe
14:48 Horse Collar
16:50 Town Watch
17:13 Fletching
22:54 Loom
23:11 Bodkin Arrow
43:10 Wheelbarrow
Connection lost

Rejoining the realm…

Still unreachable

The connection could not be restored.

Session expired

The server has moved on; the page needs a fresh start.